 Dungeon Sprint DCSS version 0.21-a0-522-ga8338f0 (webtiles) character file.

301 Kidiri the Insei (level 6, -2/68 HPs)
             Began as a Draconian Transmuter on Dec 6, 2017.
             Was a Priest of Sif Muna.
             Slain by a polar bear (24 damage)
             ... in the Dungeon (Sprint VII: "The Pits").
             The game lasted 00:03:16 (1124 turns).

Kidiri the Insei (Draconian Transmuter)             Turns: 1124, Time: 00:03:16

Health: -2/68      AC:  5    Str: 13    XL:     6   Next: 14%
Magic:  12/14      EV: 11    Int: 13    God:    Sif Muna [***...]
Gold:   0          SH:  0    Dex: 13    Spells: 1/16 levels left

rFire    x . .     SeeInvis .     - Unarmed
rCold    + + +     Gourm    .   (shield currently unavailable)
rNeg     . . .     Faith    .   (armour unavailable)
rPois    +         Spirit   .   (helmet currently unavailable)
rElec    .         Reflect  .   (cloak currently unavailable)
rCorr    .         Harm     .   (gloves currently unavailable)
MR       .....     NoTele   +   (boots currently unavailable)
Stlth    ++........             (no amulet)
HPRegen  0.21/turn              (no ring)
MPRegen  0.14/turn              (no ring)

@: ice-form
A: large, unfitting armour, AC +6
a: End Transformation, Divine Energy, Channel Magic, Renounce Religion


You were in the Dungeon.
You worshipped Sif Muna.
Sif Muna was most pleased with you.
You were not hungry.
You were a creature of crystalline ice.
You visited 1 branch

Inventory:

Missiles
 a - 29 arrows
Scrolls
 i - a scroll of blinking
 k - 3 scrolls of remove curse
 l - 5 scrolls of amnesia
 m - a scroll of summoning
Potions
 d - 6 potions of curing
 e - 3 potions of heal wounds
 f - a potion of haste
 g - 4 potions of magic
 h - a potion of berserk rage
 j - 2 potions of invisibility
Books
 b - a book of Changes

   Spells                             Type                      Level
   a - Beastly Appendage              Transmutation                1
   b - Sticks to Snakes               Transmutation                2
   c - Spider Form                    Transmutation/Poison         3
   d - Ice Form                       Ice/Transmutation            4
   e - Blade Hands                    Transmutation                5
Comestibles
 c - 8 bread rations
 n - 40 fruits
 o - 7 meat rations
 p - 5 chunks of flesh


   Skills:
 * Level 6.3 Fighting
 + Level 4.0 Dodging
 + Level 3.8 Stealth
 * Level 6.4 Unarmed Combat
 * Level 5.5 Spellcasting
 + Level 4.4 Transmutations
 + Level 2.2 Ice Magic
 + Level 3.2 Poison Magic


You had one spell level left.
You knew the following spells:

 Your Spells              Type           Power        Failure   Level  Hunger
a - Beastly Appendage     Tmut           ###...       2%          1    None
b - Sticks to Snakes      Tmut           ###.....     4%          2    ##.....
c - Spider Form           Tmut/Pois      ##........   11%         3    ###....
d - Ice Form              Ice/Tmut       ##......     41%         4    ####...
e - Blade Hands           Tmut           ###.......   61%         5    ######.


Dungeon Overview and Level Annotations

Branches:
Dungeon (1/1)

Altars:
Ashenzari
Cheibriados
Dithmenos
Elyvilon
Fedhas
Gozag
Hepliaklqana
Kikubaaqudgha
Makhleb
Nemelex Xobeh
Okawaru
Qazlal
Ru
Sif Muna
Trog
Uskayaw
Vehumet
Wu Jian
Xom
Yredelemnul
Zin
The Shining One
Beogh
Jiyva
Lugonu

Annotations:
D exclusions: 6 doors and 6 more exclusions


Innate Abilities, Weirdness & Mutations

((Your plain brown scales are hard. (AC +6)))
You cannot fit into any form of body armour.
((You are cold-blooded and may be slowed by cold attacks.))


Message History

You barely miss the polar bear.
The polar bear is severely wounded.
The polar bear barely misses you. The polar bear claws you.
The polar bear completely misses you.
You hit the polar bear.
The polar bear is severely wounded.
The polar bear bites you! The polar bear closely misses you.
The polar bear claws you but does no damage.
You hit the polar bear but do no damage.
The polar bear is severely wounded.
The polar bear goes berserk!
You hit the polar bear.
The polar bear is severely wounded.
The polar bear bites you!!
* * * LOW HITPOINT WARNING * * *
The polar bear claws you.
* * * LOW HITPOINT WARNING * * *
The polar bear barely misses you.
You feel much better. The polar bear bites you!!
You die...

#.#).......##.......#
#'###########.......#
#..#.#.## #########
#.......# ##.#)#.##
#...)...#+#
##.#.#.##.+
#.......#h#
##.#.#..'Y#
##########


You could see a polar bear (berserk).

Vanquished Creatures
  A phantom (D)
  A centaur (D)
  Blork the orc (D)
  A worker ant (D)
  A gnoll (D)
  A white imp (D)
  An ufetubus (D)
  An ooze (D)
  A worm (D)
  An orc (D)
  2 goblins (D)
  A hobgoblin (D)
  A kobold (D)
  A quokka zombie (D)
15 creatures vanquished.

Vanquished Creatures (collateral kills)
  A river rat (D)
1 creature vanquished.

Grand Total: 16 creatures vanquished

Notes
Turn   | Place    | Note
-------+----------+-------------------------------------------
     0 | D        | Kidiri the Draconian Transmuter began the quest for the Orb.
     0 | D        | Reached XP level 1. HP: 16/16 MP: 3/3
    59 | D        | Found a bloodstained altar of Trog.
    59 | D        | Found a deep blue altar of Sif Muna.
    59 | D        | Found a viscous altar of Jiyva.
    59 | D        | Found a hazy altar of Hepliaklqana.
    59 | D        | Found an opulent altar of Gozag.
    60 | D        | Found a glowing golden altar of the Shining One.
    60 | D        | Found a glowing silver altar of Zin.
    60 | D        | Found a basalt altar of Yredelemnul.
    60 | D        | Found a shimmering altar of Xom.
    60 | D        | Found an ornate altar of the Wu Jian Council.
    60 | D        | Found a sacrificial altar of Ru.
    60 | D        | Found a stormy altar of Qazlal.
    60 | D        | Found an iron altar of Okawaru.
    60 | D        | Found a sparkling altar of Nemelex Xobeh.
    60 | D        | Found a burning altar of Makhleb.
    60 | D        | Found a blossoming altar of Fedhas.
    60 | D        | Found a white marble altar of Elyvilon.
    60 | D        | Found a shadowy altar of Dithmenos.
    60 | D        | Found a snail-covered altar of Cheibriados.
    62 | D        | Found a radiant altar of Vehumet.
    62 | D        | Found a corrupted altar of Lugonu.
    62 | D        | Found a roughly hewn altar of Beogh.
    63 | D        | Found a hide-covered altar of Uskayaw.
    63 | D        | Found an ancient bone altar of Kikubaaqudgha.
    63 | D        | Found a shattered altar of Ashenzari.
    69 | D        | Became a worshipper of Sif Muna the Loreminder
   270 | D        | Noticed a worker ant
   274 | D        | Killed a worker ant
   274 | D        | Reached skill level 1 in Stealth
   274 | D        | Reached XP level 2. HP: 26/26 MP: 3/6
   275 | D        | Reached XP level 3. HP: 31/31 MP: 3/7
   298 | D        | Learned a level 2 spell: Sticks to Snakes
   302 | D        | Learned a level 3 spell: Spider Form
   331 | D        | Noticed a phantom
   337 | D        | Reached * piety under Sif Muna
   375 | D        | Killed a phantom
   375 | D        | Reached skill level 5 in Unarmed Combat
   375 | D        | Reached XP level 4. HP: 25/41 MP: 2/10
   385 | D        | Learned a level 4 spell: Ice Form
   936 | D        | Noticed Blork the orc
   938 | D        | Noticed a centaur
   944 | D        | Killed Blork the orc
   944 | D        | Reached ** piety under Sif Muna
   944 | D        | Reached skill level 5 in Fighting
   944 | D        | Reached skill level 1 in Ice Magic
   944 | D        | Reached XP level 5. HP: 48/48 MP: 8/12
   948 | D        | Reached skill level 5 in Spellcasting
   957 | D        | Killed a centaur
   957 | D        | Reached *** piety under Sif Muna
   957 | D        | Reached XP level 6. HP: 32/57 MP: 9/14
   978 | D        | Learned a level 5 spell: Blade Hands
  1113 | D        | Noticed a polar bear
  1124 | D        | Slain by a polar bear

Vault maps used:
D:        pitsprint

Skill      XL: |  1  2  3  4  5 |
---------------+----------------+-----
Fighting       | 3 4 5 6 |  6.3
Dodging        | 2 3 4 |  4.0
Stealth        | 1 2 3 |  3.8
Unarmed Combat | 4 5 6 |  6.4
Spellcasting   | 3 4 5 |  5.5
Transmutations | 3 4 |  4.4
Poison Magic   | 2 3 |  3.2
Ice Magic      | 1 2 |  2.2

Action                   |  1- 3 |  4- 6 || total
-------------------------+-------+-------++-------
Melee: Unarmed           |    43 |    25 ||    68
       Tailslap          |     4 |       ||     4
       Kick              |     3 |       ||     3
 Cast: Beastly Appendage |     3 |       ||     3
       Sticks to Snakes  |     2 |       ||     2
       Spider Form       |     1 |       ||     1
       Ice Form          |       |     2 ||     2
  Use: Potion            |     2 |     3 ||     5
 Stab: Sleeping          |       |     1 ||     1
  Eat: Chunk             |       |     2 ||     2
Armor: Skin              |     2 |     9 ||    11
Dodge: Dodged            |    23 |    14 ||    37

Table legend:
 A = Spawn XP
 B = Non-spawn XP
 C = Spawn XP percentage of total XP
 D = Spawn monster count
 E = Non-spawn monster count
 F = Spawn count percentage of total count
 G = Total turns spent on level
                    A         B        C        D         E        F      G
               +---------+---------+-------+---------+---------+-------+---------
         Total |       0 |     430 |   0.0 |       0 |      16 |   0.0 |  1124
               +---------+---------+-------+---------+---------+-------+---------
             D |       0 |     430 |   0.0 |       0 |      16 |   0.0 |  1124
               +---------+---------+-------+---------+---------+-------+---------
